 Dungeon Crawl Stone Soup version 0.16-a0-3722-g5e7e3b6 (webtiles) character file.

453 Ololoev the Poker (level 6, -6/47 HPs)
             Began as a Mummy Chaos Knight on Jan 21, 2015.
             Was a Plaything of Xom.
             Mangled by an ogre
             ... wielding a +0 giant spiked club
              (12 damage)
             ... on level 4 of the Dungeon.
             The game lasted 00:12:13 (4000 turns).

Ololoev the Poker (Mummy Chaos Knight)              Turns: 4000, Time: 00:12:14

Health: -6/47      AC:  8    Str: 16    XL:     6   Next: 75%
Magic:  6/6        EV: 11    Int: 15    God:    Xom [....*.]
Gold:   127        SH:  0    Dex: 11    Spells: 0 memorised, 5 levels left

rFire  . . .     SeeInvis +     p - +2 short sword (elec)
rCold  . . .     Clarity  +     b - +2 leather armour
rNeg   + + +     SustAb   .     (no shield)
rPois  ∞         Gourm    .     e - +1 helmet {Int+3}
rElec  .         Spirit   .     f - +0 cloak (curse)
rCorr  .         Warding  .     (no gloves)
rMut   .         Stasis   .     (no boots)
MR     .....                    i - amulet of clarity
Stlth  +.........               k - ring of fire
                                g - ring of see invisible

@: not resistant to hostile enchantments, very unstealthy
A: no food or potions, fire vulnerability, restore body, cold resistance 1,
negative energy resistance 3, poison resistance, torment resistance, unbreathing
a: Renounce Religion


You were on level 4 of the Dungeon.
You worshipped Xom.
You were a beloved toy of Xom.
You were not hungry.

You visited 1 branch of the dungeon, and saw 4 of its levels.

You collected 127 gold pieces.

Notes
Turn   | Place    | Note
--------------------------------------------------------------
     0 | D:1      | Ololoev, the Mummy Chaos Knight, began the quest for the Orb.
     0 | D:1      | Reached XP level 1. HP: 18/18 MP: 1/1
    60 | D:1      | Reached XP level 2. HP: 22/24 MP: 2/2
    73 | D:1      | XOM: harmless Chrm miscast
   579 | D:1      | Reached XP level 3. HP: 22/29 MP: 3/3
   688 | D:1      | XOM: mild Trmt miscast
   709 | D:1      | XOM: silly message
   747 | D:1      | XOM: harmless Divn miscast
   849 | D:2      | XOM: silly message
   947 | D:2      | Found a glowing silver altar of Zin.
   949 | D:2      | Found an ancient bone altar of Kikubaaqudgha.
  1079 | D:2      | XOM: potion effect (heal wounds)
  1085 | D:2      | XOM: harmless Erth miscast
  1259 | D:2      | Reached XP level 4. HP: 27/35 MP: 4/4
  1268 | D:2      | XOM: silly message
  1357 | D:2      | Reached skill level 4 in Polearms
  1617 | D:2      | Found a sparkling altar of Nemelex Xobeh.
  1665 | D:2      | XOM: harmless Trmt miscast
  2081 | D:3      | XOM: divination: magic mapping
  2112 | D:3      | XOM: silly message
  2242 | D:3      | XOM: harmless Conj miscast
  2332 | D:3      | Reached XP level 5. HP: 31/41 MP: 5/5
  2340 | D:3      | Noticed Robin
  2343 | D:3      | XOM: silly message
  2369 | D:3      | XOM: silly message
  2377 | D:3      | Killed Robin
  2615 | D:3      | XOM: medium Trmt miscast
  2634 | D:3      | XOM: noise
  2804 | D:3      | Noticed Natasha
  2817 | D:3      | Killed Natasha
  2817 | D:3      | Reached skill level 5 in Polearms
  3181 | D:3      | Noticed Natasha
  3192 | D:3      | Killed Natasha
  3310 | D:4      | XOM: summons friendly shadow imp
  3333 | D:4      | Noticed a phantom
  3334 | D:4      | XOM: summons 5 friendly demons
  3346 | D:4      | Reached XP level 6. HP: 45/47 MP: 6/6
  3364 | D:4      | Killed a phantom
  3473 | D:4      | Reached skill level 1 in Short Blades
  3481 | D:4      | XOM: fog
  3986 | D:4      | Noticed an ogre
  3998 | D:4      | XOM: butterfly on damage
  3999 | D:4      | XOM: butterfly on damage
  4000 | D:4      | Mangled by an ogre

Inventory:

Hand weapons
 p - a +2 short sword of electrocution (weapon)
Armour
 b - a +2 leather armour (worn)
 e - a +1 helmet of intelligence (worn)
 f - a cursed +0 cloak (worn)
Magical staves
 r - an uncursed staff of earth {unknown}
Jewellery
 g - a ring of see invisible (left hand)
 h - an uncursed ring of flight
 i - an amulet of clarity (around neck)
 k - a ring of fire (right hand)
Magical devices
 a - a wand of magic darts (17)
Scrolls
 c - 3 scrolls of teleportation {unknown}
 d - 2 scrolls of random uselessness {unknown}
 j - a scroll of magic mapping {unknown}
 l - a scroll of fear {unknown}
 m - a scroll of remove curse {unknown}
 n - 3 scrolls of identify {unknown}
 o - a scroll of blinking {unknown}
 q - a scroll of enchant weapon {unknown}

Table legend:
 A = Turns spent in this place as a percentage of turns spent in the entire game.
 B = Non-inter-level travel turns spent in this place as a percentage of non-inter-level travel turns spent in the entire game.
 C = Inter-level travel turns spent in this place as a percentage of turns spent in this place.
 D = Turns resting spent in this place as a percentage of non-inter-level travel turns spent in this place.
 E = Turns spent auto-exploring this place as a percentage of non-inter-level travel turns spent in this place.
 F = Non-inter-level travel turns spent in this place divided by the number of levels of this place that you've seen.
                   A       B       C       D       E      F
               +-------+-------+-------+-------+-------+----------------------
         Total | 100.0 | 100.0 |   0.2 |   3.1 |   8.0 | 397.2
       Dungeon | 100.0 | 100.0 |   0.2 |   3.1 |   8.0 | 397.2
               +-------+-------+-------+-------+-------+----------------------


   Skills:
 - Level 3.0 Fighting
 + Level 2.0 Short Blades
   Level 5.8 Polearms
 - Level 1.8 Armour
 - Level 0.7 Dodging


You had 5 spell levels left.
You didn't know any spells.

Dungeon Overview and Level Annotations

Branches:
Dungeon (4/15)
 Temple: D:4-7

Altars:
Kikubaaqudgha
Nemelex Xobeh
Zin


Innate Abilities, Weirdness & Mutations

You do not eat or drink.
Your flesh is vulnerable to fire.
Your flesh is cold resistant.
You are immune to negative energy.
Your system is resistant to poisons.
You are immune to unholy pain and torment.
You can survive without breathing.


Message History

Your Short Blades skill increases to level 2!
You hit the goblin.
You kill the goblin!
You start resting.
You start resting.
A rat comes into view.
You hit the rat.
There is a sudden explosion of sparks!
You kill the rat!
No target in view!
You start resting.
HP restored.
Things that are here:
a hand axe; a chain mail
Found an escape hatch in the ceiling.
n - 3 scrolls labeled LOX AJUMELUVAT (gained 1)
An ogre comes into view. It is wielding a giant spiked club.
There is an escape hatch in the ceiling here.
The ogre shouts!
You see here a weird runed staff.
r - a weird runed staff You hit the ogre.
There is a sudden explosion of sparks!
The ogre is heavily wounded.
The ogre closely misses you.
You hit the ogre.
The ogre is severely wounded.
The ogre hits you with a giant spiked club.
You hit the ogre.
The ogre is almost dead.
You barely miss the ogre.
The ogre is almost dead.
The ogre hits you with a giant spiked club!
A shower of butterflies erupts from you!
You barely miss the ogre.
The ogre is almost dead.
The ogre hits you with a giant spiked club!!
A shower of butterflies erupts from you!
You hit the ogre.
The ogre is almost dead.
The ogre hits you with a giant spiked club!
You die...

#####...#.........
#...†..((....###.#
#)###...#.#### #.#
#.# ##.##.# #.#
#.###.####)####
### #..........#
#####.###### #.bb#
###.@.###
##.###...O...#
#.......bb...##.#
#..###...b......#
##.bb.######
#....# #....###
##.....# #....<#


You could see an ogre.

Table legend:
 A = Kills in this place as a percentage of kills in entire the game.
 B = Kills by you in this place as a percentage of kills by you in the entire game.
 C = Kills by friends in this place as a percentage of kills by friends in the entire game.
 D = Other kills in this place as a percentage of other kills in the entire game.
 E = Experience gained in this place as a percentage of experience gained in the entire game.
 F = Experience gained in this place divided by the number of levels of this place that you have seen.
                   A       B       C       D       E      F
               +-------+-------+-------+-------+-------+----------------------
         Total | 100.0 | 100.0 | 100.0 |  -nan | 100.0 | 162.0
       Dungeon | 100.0 | 100.0 | 100.0 |  -nan | 100.0 | 162.0
               +-------+-------+-------+-------+-------+----------------------

Vanquished Creatures
  An orc priest (D:4)
  A gnoll shaman (D:4)
  An orc wizard (D:4)
  Natasha (twice) (D:3)
  Robin (D:3)
  7 adders
  5 gnolls
  A worm (D:3)
  3 giant geckos
  2 oozes
  7 orcs
  10 bats
  A giant cockroach (D:2)
  6 hobgoblins
  2 jackals (D:1)
  13 kobolds
  A quokka (D:2)
  2 ball pythons
  9 giant newts
  23 goblins
  21 rats
119 creatures vanquished.

Vanquished Creatures (collateral kills)
  A phantom (D:4)
  A hound (D:4)
  A gnoll (D:4)
  2 orcs (D:4)
  A hobgoblin (D:1)
  A giant newt (D:1)
  A kobold (D:4)
8 creatures vanquished.

Vanquished Creatures (others)
  A shadow imp (D:4)
  An ufetubus (D:4)
  A goblin zombie (D:3)
3 creatures vanquished.

Grand Total: 130 creatures vanquished

Action                   |  1- 3 |  4- 6 || total
-------------------------+-------+-------++-------
Melee: Spear             |   164 |   231 ||   395
       Short sword       |       |    53 ||    53
Evoke: Deck              |       |     5 ||     5
 Stab: Petrifying        |     2 |     1 ||     3
       Paralysed         |     1 |     3 ||     4

Vault maps used:
D:1:      erik_arrival_orb_chamber, minmay_newt_pond
D:2:      nemelex_deck, nicolae_overflow_hidden_temple, first_bread
D:3:      uniq_natasha, uniq_robin
D:4:      kennysheep_decorative_pillar, grunt_ministairs_11
